 Dungeon Crawl Stone Soup version 0.22.1-1-ga44c0e5 (webtiles) character file.

1140 topirishpotato the Martial Artist (level 8, -5/58 HPs)
             Began as a Demonspawn Monk on Sept 25, 2018.
             Was a Priest of Makhleb.
             Splashed by a crimson imp's acid (11 damage)
             ... on level 6 of the Dungeon.
             The game lasted 00:06:53 (5052 turns).

topirishpotato the Martial Artist (Demonspawn Monk) Turns: 5052, Time: 00:06:54

Health: -5/58      AC:  6    Str: 11    XL:     8   Next: 14%
Magic:  10/10      EV:  6    Int: 11    God:    Makhleb [***...]
Gold:   346        SH:  4    Dex: 19    Spells: 7/7 levels left

rFire    . . .     SeeInvis +     - Unarmed
rCold    . . .     Gourm    .   (no shield)
rNeg     . . .     Faith    +   t - +1 chain mail
rPois    +         Spirit   .   (no helmet)
rElec    .         Reflect  .   (no cloak)
rCorr    .         Harm     .   d - +0 pair of gloves
MR       .....                  (no boots)
Stlth    ..........             r - amulet of faith
HPRegen  0.19/turn              q - ring of see invisible
MPRegen  0.12/turn              a - ring of poison resistance

@: corroded
A: hooves 2, large bone plates 1, spiny 2
a: Minor Destruction, Lesser Servant of Makhleb, Renounce Religion


You were on level 6 of the Dungeon.
You worshipped Makhleb.
Makhleb was most pleased with you.
You were hungry.

You visited 1 branch of the dungeon, and saw 6 of its levels.

You collected 346 gold pieces.

Inventory:

Armour
 d - a +0 pair of gloves (worn)
 t - a +1 chain mail (worn)
Jewellery
 a - a ring of poison resistance (right hand)
 q - a ring of see invisible (left hand)
 r - an amulet of faith (around neck)
Wands
 n - a wand of acid (4)
Scrolls
 h - a scroll of remove curse {unknown}
 i - 5 scrolls of teleportation
 j - a scroll of identify
 l - 2 scrolls of amnesia
 o - a scroll of noise
 p - a scroll of magic mapping {unknown}
Potions
 c - 2 potions of degeneration
 e - a potion of might
 f - a potion of berserk rage
 g - 3 potions of heal wounds
 k - 2 potions of lignification
 m - 4 potions of mutation {unknown}
 s - 3 potions of magic {unknown}
Comestibles
 b - 10 rations
 u - a chunk of flesh


   Skills:
 + Level 3.4 Fighting
 + Level 2.0 Armour
 - Level 2.6 Dodging
 - Level 1.7 Stealth
 - Level 8.4 Unarmed Combat
 * Level 3.6 Invocations


You had 7 spell levels left.
You didn't know any spells.
Your spell library was empty.

Dungeon Overview and Level Annotations

Branches:
Dungeon (6/15)
 Temple: D:4-7

Altars:
Cheibriados
Gozag
Makhleb
Ru


Innate Abilities, Weirdness & Mutations

You have hoof-like feet.
You are partially covered in large bone plates. (SH +4)
You are mostly covered in sharp spines.


Message History

The giant cockroach is severely wounded.
The giant cockroach barely misses you.
Your chain mail prevents you from hitting the giant cockroach.
The giant cockroach is severely wounded.
The giant cockroach bites you. The giant cockroach barely misses you.
You hit the giant cockroach.
You kill the giant cockroach!
Makhleb accepts your kill.
You are no longer corroded.
A crimson imp comes into view.
You see here a giant cockroach corpse.
A crimson imp is nearby!
You start resting.
The crimson imp is too close now for your liking.
You are feeling hungry.
The crimson imp shouts!
The crimson imp zaps a wand.
The bolt of acid hits you!
* * * LOW HITPOINT WARNING * * *
The acid corrodes you!
You are splashed with acid!
The acid burns!
You die...

#### ...# ####...
##...... ##.......
. #........ ...
#.....)..
$...5#######
##...<....
#..<@..?#
#.........
......####.##
#......... #.###
#..###......... ..
##.#...........
#.# #.....†.......
...###....###.###.
.....#........#...
..................
......>##....#..##


You could see a crimson imp.

Vanquished Creatures
  An ice beast (D:3)
  A phantom (D:5)
  2 ogres
  A howler monkey (D:6)
  A centaur zombie (D:4)
  A bullfrog skeleton (D:4)
  A bullfrog zombie (D:4)
  A quasit (D:5)
  A hound (D:5)
  A jelly (D:6)
  5 orc wizards
  2 orc priests
  Jessica (D:1)
  3 iguanas
  3 worker ants
  2 hound zombies
  Robin (D:4)
  A howler monkey skeleton (D:4)
  A worker ant zombie (D:4)
  2 adders
  An adder zombie (D:4)
  2 adder skeletons
  3 worms
  A dart slug (D:2)
  A leopard gecko (D:2)
  15 orcs
  7 giant cockroaches
  18 goblins
  7 hobgoblins
  3 jackals (D:2)
  9 kobolds
  4 quokkas
  2 ball pythons
  A ball python skeleton (D:4)
  11 bats
  5 frilled lizards
  A leopard gecko skeleton (D:6)
  A leopard gecko zombie (D:4)
  A quokka skeleton (D:4)
  A quokka zombie (D:4)
  4 rats
130 creatures vanquished.

Notes
Turn   | Place    | Note
-------+----------+-------------------------------------------
     0 | D:1      | topirishpotato the Demonspawn Monk began the quest for the
                  | Orb.
     0 | D:1      | Reached XP level 1. HP: 18/18 MP: 1/1
   175 | D:1      | Reached skill level 3 in Unarmed Combat
   312 | D:1      | Gained mutation: You have large cloven feet. [demonic
                  | ancestry]
   312 | D:1      | Reached XP level 2. HP: 16/24 MP: 2/2
   825 | D:2      | Noticed Jessica
   836 | D:2      | HP: 1/24 [kobold (3)]
   839 | D:1      | Killed Jessica
   839 | D:1      | Reached skill level 4 in Unarmed Combat
   839 | D:1      | Gained mutation: You are partially covered in sharp spines.
                  | [demonic ancestry]
   839 | D:1      | Reached XP level 3. HP: 2/29 MP: 3/3
  1338 | D:2      | Found a snail-covered altar of Cheibriados.
  1342 | D:2      | Found an opulent altar of Gozag.
  1593 | D:2      | Reached XP level 4. HP: 32/35 MP: 4/4
  2307 | D:3      | Reached skill level 5 in Unarmed Combat
  2316 | D:3      | Gained mutation: You are mostly covered in sharp spines.
                  | [demonic ancestry]
  2316 | D:3      | Reached XP level 5. HP: 20/41 MP: 5/5
  2542 | D:3      | Found a sacrificial altar of Ru.
  2676 | D:3      | Noticed an ice beast
  2691 | D:3      | Killed an ice beast
  2691 | D:3      | Reached skill level 6 in Unarmed Combat
  2751 | D:3      | Found a burning altar of Makhleb.
  2776 | D:3      | Became a worshipper of Makhleb the Destroyer
  2776 | D:3      | Reached * piety under Makhleb
  2776 | D:3      | Reached ** piety under Makhleb
  2823 | D:3      | Gained mutation: You are partially covered in large bone
                  | plates. (SH +4) [demonic ancestry]
  2823 | D:3      | Reached XP level 6. HP: 44/47 MP: 6/6
  3250 | D:4      | Noticed Robin
  3267 | D:4      | Killed Robin
  3585 | D:4      | Reached skill level 7 in Unarmed Combat
  3607 | D:4      | Reached *** piety under Makhleb
  3614 | D:4      | Reached XP level 7. HP: 50/52 MP: 7/7
  4184 | D:5      | Entered Level 5 of the Dungeon
  4333 | D:5      | Reached skill level 8 in Unarmed Combat
  4917 | D:5      | Reached skill level 1 in Invocations
  4927 | D:6      | Reached skill level 1 in Armour
  4952 | D:6      | Gained mutation: You have hoof-like feet. [demonic
                  | ancestry]
  4952 | D:6      | Reached XP level 8. HP: 58/58 MP: 9/9
  5052 | D:6      | Splashed by a crimson imp's acid

Skill      XL: |  1  2  3  4  5  6  7  8 |
---------------+-------------------------+-----
Unarmed Combat | 3 4 5 6 7 8 |  8.4
Invocations    | 2 3 |  3.6
Armour         | 1 2 |  2.0
Fighting       | |  3.4
Dodging        | |  2.6
Stealth        | |  1.7

Action                   |  1- 3 |  4- 6 |  7- 9 || total
-------------------------+-------+-------+-------++-------
Melee: Unarmed           |   108 |   156 |   118 ||   382
       Kick              |    14 |    49 |    31 ||    94
       Punch             |       |     3 |     2 ||     5
  Use: Scroll            |       |     9 |     1 ||    10
 Stab: Sleeping          |     3 |     1 |       ||     4
  Eat: Chunk             |     1 |     1 |     4 ||     6
       Ration            |       |     2 |       ||     2
Armor: Robe              |    21 |       |       ||    21
       Ring mail         |     2 |     9 |       ||    11
       Chain mail        |       |    64 |    46 ||   110
Dodge: Dodged            |    81 |    50 |    21 ||   152
Block: Other             |       |    17 |    25 ||    42
